 Dungeon Crawl Stone Soup version 0.31-a0-705-ga145531891 (webtiles) character file.

Game seed: 97824292065426456

19 randomguy2701 the Trooper (level 2, -5/27 HPs)
             Began as a Hill Orc Fighter on Sept 9, 2023.
             Slain by Terence
             ... wielding a +3 heavy mace
              (13 damage)
             ... on level 2 of the Dungeon.
             The game lasted 00:00:37 (626 turns).

randomguy2701 the Trooper (Hill Orc Fighter)         Turns: 626, Time: 00:00:38

Health: -5/27      AC:  6    Str: 18    XL:     2   Next: 75%
Magic:  2/2        EV:  9    Int:  8    God:
Gold:   52         SH:  4    Dex: 10    Spells: 1/1 levels left

rFire   . . .        a - +0 war axe
rCold   . . .        c - +0 buckler
rNeg    . . .        b - +0 scale mail
rPois   .            (no helmet)
rElec   .            (no cloak)
rCorr   .            (no gloves)
SInv    .            (no boots)
Will    .....        (no amulet) Stlth
                     (no ring)
HPRegen 0.24/turn    (no ring)
MPRegen 0.08/turn

%: no passive effects
@: no status effects
A: no striking features
a: no special abilities


You were on level 2 of the Dungeon.
You visited 1 branch of the dungeon, and saw 2 of its levels.

You collected 52 gold pieces.

Inventory:

Hand Weapons
 a - a +0 war axe (weapon)
Armour
 b - a +0 scale mail (worn)
 c - a +0 buckler (worn)
Jewellery
 e - a ring of wizardry
Scrolls
 f - a scroll of identify {unknown}
 g - 2 scrolls of teleportation {unknown}
Potions
 d - a potion of might


   Skills:
 + Level 4.1 Fighting
 + Level 2.9 Axes
 + Level 3.6 Armour
 + Level 3.5 Shields


You had one spell level left.
You didn't know any spells.
Your spell library was empty.

Dungeon Overview and Level Annotations

Branches:
Dungeon (2/15)

Altars:

Annotations:
D:2 Terence


Message History

Done exploring.
No target in view!
What level of the Dungeon? (default 1, ? - help)
Things that are here:
a +0 dagger; 2 stones
There is a stone staircase leading down here.
You climb downwards.
The endoplasm quivers.
Found 16 gold pieces, a ring mail and a dark potion.
There is a stone staircase leading up here.
There are monsters nearby!
You slash the endoplasm!
You kill the endoplasm!
Found 11 gold pieces.
Terence screams, "I want your blood!" Terence barely misses you.
You barely miss Terence. You block Terence's attack.
You barely miss Terence. Terence hits you with a +3 heavy mace.
You closely miss Terence. Terence hits you with a +3 heavy mace!
You hit Terence but do no damage. You block Terence's attack.
You barely miss Terence. You hit Terence but do no damage.
Terence hits you with a +3 heavy mace!
* * * LOW HITPOINT WARNING * * *
You are too injured to fight recklessly!
You are too injured to fight recklessly!
You are too injured to fight recklessly!
You are too injured to fight recklessly!
You are too injured to fight recklessly!
You are too injured to fight recklessly!
You are too injured to fight recklessly!
You are too injured to fight recklessly!
You are too injured to fight recklessly!
You are too injured to fight recklessly!
You are too injured to fight recklessly!
Terence is nearby!
Terence is nearby!
Terence is nearby!
You are too injured to fight recklessly!
Terence attacks as he pursues you! Terence hits you with a +3 heavy mace!
You die...

#. ##### #####.
....$
....#.####.....
#.............
#..!..........
#.............
#.............
##.....@.......
.......@....[..
##........#####
..###..<.##
......##.#
...##. $.# ..
#. #.# . #. ..
###


You could see Terence.

Vanquished Creatures
  A dart slug (D:1)
  2 ball pythons (D:1)
  2 endoplasms
  A giant cockroach (D:1)
  A goblin (D:1)
  2 hobgoblins (D:1)
  A quokka (D:1)
  2 bats (D:1)
  2 frilled lizards (D:1)
  A kobold (D:1)
  A rat (D:1)
16 creatures vanquished.

Notes
Turn   | Place    | Note
-------+----------+-------------------------------------------
     0 | D:1      | randomguy2701 the Hill Orc Fighter began the quest for the
                  | Orb.
     0 | D:1      | Reached XP level 1. HP: 19/19 MP: 1/1
   200 | D:1      | Reached XP level 2. HP: 27/27 MP: 2/2
   202 | D:1      | Reached skill level 4 in Fighting
   615 | D:2      | Noticed Terence
   626 | D:2      | Slain by Terence

Illustrated notes

Levels and vault maps discovered:
D:1:      evilmike_arrival_home_sweet_home, layout_basic, minmay_liquid_box
D:2:      layout_rooms, basic_altar, uniq_terence

Skill      XL: |  1  2 |
---------------+-------+-----
Fighting       | 4 |  4.1
Axes           | |  2.9
Armour         | |  3.6
Shields        | |  3.5

Action                     || total
---------------------------++-------
  Melee: War axe           ||    65
 Armour: Scale mail        ||    46
  Dodge: Dodged            ||    28
  Block: Buckler           ||    23

Table legend: (Time is in decaauts)
 A = Elapsed time spent in this place.
 B = Non-inter-level travel time spent in this place.
 C = Inter-level travel time spent in this place.
 D = Time resting spent in this place.
 E = Time spent auto-exploring this place.
 F = Levels seen in this place.
 G = Mean time per level.
                   A        B        C        D        E       F      G
               +--------+--------+--------+--------+--------+-----+--------+
         Total |    652 |    634 |     18 |      0 |    480 |   2 |  326.0 |
       Dungeon |    652 |    634 |     18 |      0 |    480 |   2 |  326.0 |
               +--------+--------+--------+--------+--------+-----+--------+

Top non-repeatable levels by time:
     D:1: 638 daAuts
     D:2: 13 daAuts
